 Dungeon Crawl Stone Soup version 0.27.1-4-g1640c2035a (webtiles) character file.

Game seed: 3146292376110419053

109 Stomo444 the Skirmisher (level 4, -5/55 HPs)
             Began as a Demonspawn Monk on Nov 10, 2021.
             Slain by a kobold brigand (6 damage)
             ... on level 4 of the Dungeon.
             The game lasted 00:03:41 (3377 turns).

Stomo444 the Skirmisher (Demonspawn Monk)           Turns: 3377, Time: 00:03:41

Health: -5/55      AC:  5    Str: 12    XL:     4   Next: 59%
Magic:  4/4        EV: 13    Int: 12    God:
Gold:   160        SH:  0    Dex: 15    Spells: 3/3 levels left

rFire    + . .     SeeInvis +   a - +0 mace
rCold    . . .     Faith    .   (no shield)
rNeg     . . .     Spirit   .   b - +0 robe
rPois    .         Reflect  .   h - +0 helmet
rElec    .         Harm     .   (no cloak)
rCorr    .         Rampage  .   (no gloves)
Will     .....                  (no boots)
Stlth    ..........             (no amulet)
HPRegen  0.18/turn              d - ring of protection from fire
MPRegen  0.09/turn              m - ring of see invisible

@: mighty, berserking, lethally poisoned (-5 -> -18), attractive, very quick
A: thin metallic scales 1, powered by death 1
a: no special abilities


You were on level 4 of the Dungeon.
You visited 1 branch of the dungeon, and saw 4 of its levels.

You collected 160 gold pieces.

Inventory:

Hand Weapons
 a - a +0 mace (weapon)
Armour
 b - a +0 robe (worn)
 h - a +0 helmet (worn)
Jewellery
 d - a ring of protection from fire (left hand)
 j - a ring of protection from cold
 m - a ring of see invisible (right hand)
Scrolls
 c - 6 scrolls of identify {unknown}
 e - a scroll of enchant armour {unknown}
 f - 2 scrolls of immolation {unknown}
 l - a scroll of amnesia {unknown}
Potions
 p - a potion of lignification {unknown}


   Skills:
 + Level 3.9 Fighting
 + Level 3.6 Maces & Flails
 + Level 3.5 Dodging
 - Level 1.7 Stealth


You had 3 spell levels left.
You didn't know any spells.
Your spell library contained the following spells:

 Spells                   Type           Power      Damage    Failure   Level
 Shock                    Conj/Air       0%         1d3       32%         1
 Ensorcelled Hibernation  Hex/Ice        0%         N/A       45%         2
 Sublimation of Blood     Necr           0%         N/A       45%         2
 Wereblood                Tmut           0%         N/A       45%         2
 Spider Form              Tmut/Pois      0%         N/A       69%         3
 Swiftness                Air            0%         N/A       69%         3
 Airstrike                Air            0%         N/A       97%         4
 Petrify                  Tmut/Erth      0%         N/A       97%         4
 Irradiate                Conj/Tmut      0%         3d14      100%        5
 Shadow Creatures         Summ           N/A        N/A       100%        6
 Summon Hydra             Summ           0%         N/A       100%        7


Dungeon Overview and Level Annotations

Branches:
Dungeon (4/15)
 Temple: D:4-7

Altars:
Cheibriados

Shops:
D:2 :


Innate Abilities, Weirdness & Mutations

You are partially covered in thin metallic scales. (AC +2)
You regenerate a little health from kills.


Message History

You thump the kobold brigand!
The kobold brigand is moderately wounded.
You feel very sick.
The kobold brigand hits you with a +2 dagger of venom.
The kobold brigand barely misses you.
You hit the kobold brigand.
The kobold brigand is heavily wounded.
You feel very sick.
The kobold brigand hits you with a +2 dagger of venom.
* * * LOW HITPOINT WARNING * * *
You are lethally poisoned!
Unknown command.
* * * LOW HITPOINT WARNING * * *
You feel very sick.
It was a potion of berserk rage.
A red film seems to cover your vision as you go berserk!
You feel yourself moving faster!
You feel mighty!
* * * LOW HITPOINT WARNING * * *
You feel very sick. The kobold brigand barely misses you.
You hit the kobold brigand.
The kobold brigand is severely wounded.
* * * LOW HITPOINT WARNING * * *
You feel sick. The kobold brigand barely misses you.
You closely miss the kobold brigand.
The kobold brigand is severely wounded.
* * * LOW HITPOINT WARNING * * *
You feel sick.
You barely miss the kobold brigand.
The kobold brigand is severely wounded.
* * * LOW HITPOINT WARNING * * *
You feel sick.
The kobold brigand hits you but does no damage.
You are more poisoned.
You hit the kobold brigand.
The kobold brigand is severely wounded.
* * * LOW HITPOINT WARNING * * *
You feel very sick.
The kobold brigand hits you with a +2 dagger of venom.
You die...

#..... .. # ##....
..## #.... ......
...## ...##.
##...####. ......
##......... ......
#..)#...... ......
#.K#....#.. .....
#.@##...##.. ..#.#.
#..##...#...##.# ##
#...#...# ...... #.
#.......# #....###.
##.....####.....#..
#..##..##.........
#...#....#........
#...#...##...<....
###.........#...##


You could see a kobold brigand.

Vanquished Creatures
  An orc priest (D:3)
  An adder (D:2)
  A worm (D:2)
  2 dart slugs
  4 orcs (D:3)
  8 endoplasms
  A giant cockroach (D:4)
  7 goblins
  6 hobgoblins
  2 jackals (D:1)
  A quokka (D:2)
  6 ball pythons
  2 bats
  3 frilled lizards
  A jackal skeleton (D:4)
  8 kobolds
  5 rats
59 creatures vanquished.

Notes
Turn   | Place    | Note
-------+----------+-------------------------------------------
     0 | D:1      | Stomo444 the Demonspawn Monk began the quest for the Orb.
     0 | D:1      | Reached XP level 1. HP: 18/18 MP: 1/1
   243 | D:1      | Gained mutation: You are partially covered in thin metallic
                  | scales. (AC +2) [demonic ancestry]
   243 | D:1      | Reached XP level 2. HP: 23/24 MP: 2/2
  1363 | D:2      | Gained mutation: You regenerate a little health from kills.
                  | [demonic ancestry]
  1363 | D:2      | Reached XP level 3. HP: 16/29 MP: 3/3
  1521 | D:2      | Found a snail-covered altar of Cheibriados.
  1605 | D:2      | Found a faded altar of an unknown god.
  1651 | D:2      | Found Cuniumi's Book Emporium.
  2524 | D:3      | Reached XP level 4. HP: 31/37 MP: 4/4
  3289 | D:4      | Noticed an ogre
  3358 | D:4      | Noticed a kobold brigand
  3377 | D:4      | HP: 1/55 [poisoned by a kobold brigand]
  3377 | D:4      | Slain by a kobold brigand

Illustrated notes

Levels and vault maps discovered:
D:1:      lightli_iron_boxes, layout_loops_cross, palyth_stone_intersect,
          corner_web_ring
D:2:      layout_rooms, ebering_ecumenical_altar_ruins, serial_shops, shop,
          kennysheep_flooded_box
D:3:      layout_basic, ebering_dispersal_statue_hall, hangedman_decor_points
D:4:      layout_cave_pools, portal_sewer_entry_e

Skill      XL: |  1  2 |
---------------+-------+-----
Maces & Flails | 3 |  3.6
Dodging        | 3 |  3.5
Fighting       | |  3.9
Stealth        | |  1.7

Action                   |  1- 3 |  4- 6 || total
-------------------------+-------+-------++-------
Melee: Mace              |   135 |    59 ||   194
  Use: Potion            |       |     5 ||     5
 Stab: Sleeping          |     3 |     1 ||     4
Armor: Robe              |    41 |     7 ||    48
Dodge: Dodged            |    94 |    45 ||   139
